Map: Neon Violet Square LE

Players

CinDra - Winner!

  • Race: Zerg Zerg
  • League: Bronze
  • Spawn Location: 11:00

Mik

  • Race: Zerg Zerg
  • Spawn Location: 5:00

VOD

Have the link to the VOD?

Description

Time

  • Played on: Feb. 8, 2018, 1:28 p.m.
  • Length: 35:45
Show
View Real Time Build Order
Export as new Build Order

CinDra Zerg - Winner!

Build Orders: Hatch First 

Get SALT Encoding   

  12  0:01  Drone  
  13  0:13  Overlord  
  13  0:21  Drone  
  14  0:34  Drone x2  
  16  0:38  Drone  
  17  0:49  Drone  
  18  0:59  Hatchery  
  17  1:05  Drone  
  18  1:15  Drone  
  19  1:22  Spawning Pool  
  19  1:24  Overlord  
  18  1:31  Drone  
  19  1:41  Drone  
  20  1:48  Extractor  
  20  1:50  Drone  
  20  2:01  Drone  
  21  2:13  Queen x2  
  21  2:14  Drone x2  
  27  2:23  Drone x2  
  29  2:34  Zergling x4  
  31  2:40  Extractor  
  30  2:45  Drone x2  
  32  2:54  Overlord  
  32  2:55  Overlord  
  32  3:09  Drone x2  
  34  3:13  Queen  
  34  3:19  Zergling x4  
  38  3:22  Metabolic Boost  
  38  3:30  Roach Warren  
  37  3:37  Drone x8  
  45  4:01  Hatchery  
  44  4:06  Zergling x2  
  44  4:07  Overlord x2, Zergling x4  
  47  4:13  Drone x3  
  47  4:14  Drone x2  
  47  4:16  Extractor  
  51  4:20  Extractor  
  50  4:43  Roach  
  50  4:44  Roach x5  
  62  4:53  Queen  
  62  4:56  Roach x2  
  62  4:58  Overlord x4  
  68  5:24  Drone  
  68  5:25  Drone x4  
  68  5:26  Drone x6  
  79  5:32  Lair  
  79  5:34  Roach  
  79  5:35  Roach x2  
  85  5:42  Drone x2  
  87  6:11  Drone  
  87  6:12  Drone x11  
  99  6:28  Roach x3  
  99  6:29  Overlord  
  105  6:52  Roach x4  
  105  6:53  Overlord x2  
  113  7:02  Glial Reconstitution  
  113  7:04  Hydralisk Den  
  113  7:05  Pneumatized Carapace  
  112  7:15  Extractor  
  112  7:18  Extractor  
  112  7:20  Drone x2  
  112  7:21  Roach  
  112  7:22  Roach x3, Zergling x4  
  122  7:23  Zergling x4  
  122  7:25  Overlord  
  123  8:13  Roach x3  
  123  8:14  Overlord, Roach x4  
  123  8:15  Overlord x4  
  137  8:31  Hatchery, Grooved Spines  
  136  8:42  Evolution Chamber  
  136  8:43  Evolution Chamber  
  134  8:58  Hydralisk  
  134  8:59  Hydralisk x15  
  134  9:00  Overlord x2  
  166  9:19  Hydralisk x3  
  172  9:24  Zerg Missile Weapons Level 1  
  172  9:25  Zerg Ground Armor Level 1  
  172  9:43  Muscular Augments  
  172  10:06  Queen  
  174  10:12  Hydralisk  
  174  10:13  Hydralisk x12  
  200  11:02  Overseer  
  196  11:38  Zergling x6  
  199  11:56  Zerg Missile Weapons Level 2  
  199  11:57  Zerg Ground Armor Level 2  
  193  12:58  Roach x4  
  199  13:03  Zergling x2  
  200  13:39  Hatchery  
  199  13:47  Zergling x2  
  200  14:19  Zerg Melee Weapons Level 1  
  200  14:26  Infestation Pit  
  199  14:35  Zergling x2  
  200  16:25  Zerg Melee Weapons Level 2  
  200  16:28  Hive  
  195  16:43  Roach x3  
  195  16:44  Roach x5  
  200  17:51  Extractor x2  
  191  17:59  Roach x3  
  191  18:00  Roach x6  
  184  18:15  Overlord x4  
  184  18:16  Overlord x2  
  180  18:24  Queen  
  182  18:56  Hatchery  
  181  19:24  Roach  
  181  19:25  Roach x8  
  181  19:27  Zergling x2  
  200  19:43  Extractor  
  199  19:49  Extractor  
  198  19:54  Zergling x4  
  200  20:35  Zerg Missile Weapons Level 3  
  200  20:36  Zerg Ground Armor Level 3  
  200  20:40  Burrow  
  200  20:43  Tunneling Claws  
  200  20:58  Spire  
  199  21:59  Nydus Network  
  198  22:07  Roach  
  200  22:24  Zerg Flyer Weapons Level 1  
  200  22:56  Overlord  
  200  23:13  Zerg Melee Weapons Level 3  
  200  23:57  Nydus Canal  
  200  24:18  Zerg Flyer Armor Level 1  
  182  24:57  Mutalisk x9  
  196  25:54  Mutalisk x7  
  199  26:52  Hatchery  
  196  27:13  Mutalisk x2  
  187  27:43  Roach  
  187  27:44  Roach x5  
  197  27:55  Roach  
  197  27:56  Roach x8  
  126  28:06  Roach  
  126  28:07  Roach x13  
  120  28:17  Roach  
  120  28:18  Roach x14  
  120  28:19  Roach x22  
  128  29:01  Queen  
  130  29:03  Roach  
  130  29:04  Roach x29  
  190  29:13  Zerg Flyer Weapons Level 2  
  190  29:18  Adrenal Glands  
  156  30:12  Roach x3  
  156  30:13  Roach x27  
  184  30:37  Hydralisk x7  
  184  30:38  Hydralisk x5  
  174  30:46  Hydralisk x11  
  154  31:07  Hydralisk  
  154  31:08  Hydralisk x9  
  154  31:09  Roach  
  154  31:10  Roach  
  178  31:29  Zerg Flyer Armor Level 2, Extractor x2  
  130  31:56  Overseer  
  130  31:58  Overseer x2  
  130  31:59  Overseer x3  
  110  32:27  Roach x6  
  110  32:28  Roach x18  
  142  32:30  Roach  
  134  32:43  Roach  
  144  32:44  Roach x5  
  146  33:12  Roach  
  148  33:13  Roach x22  
  148  33:14  Roach x4  
  200  33:30  Hatchery  
  177  33:52  Roach x4  
  177  33:53  Roach x10  
  197  34:26  Roach  
Show
View Real Time Build Order
Export as new Build Order

Mik Zerg 

Build Orders: Hatch First 

Get SALT Encoding   

  12  0:07  Drone  
  12  0:08  Drone  
  14  0:18  Overlord  
  14  0:46  Hatchery  
  13  0:51  Drone  
  13  0:54  Drone  
  15  0:57  Drone  
  16  1:12  Drone  
  16  1:14  Drone  
  18  1:36  Extractor  
  17  1:40  Extractor  
  16  1:47  Overlord  
  16  1:52  Drone x2  
  18  2:00  Drone  
  19  2:24  Drone  
  19  2:25  Drone x2  
  19  2:29  Drone x2  
  24  2:53  Spawning Pool  
  24  2:55  Drone x3  
  26  3:23  Evolution Chamber  
  26  3:27  Overlord x3  
  25  3:49  Hatchery, Drone x3  
  27  4:04  Lair  
  27  4:08  Zergling x2  
  28  4:12  Zerg Melee Weapons Level 1  
  28  4:19  Drone x2  
  28  4:20  Drone  
  31  4:25  Drone x2  
  31  4:30  Overlord  
  33  5:05  Hydralisk Den  
  32  5:11  Drone x2  
  32  5:12  Drone  
  35  5:15  Drone x2  
  37  5:26  Hatchery  
  36  5:31  Hatchery  
  35  5:41  Hatchery  
  34  5:44  Drone x2  
  34  5:48  Hydralisk x2  
  34  5:49  Hydralisk  
  42  5:53  Hydralisk x3  
  48  6:16  Hydralisk x2  
  52  6:19  Extractor  
  52  6:25  Extractor  
  50  6:41  Spine Crawler, Drone x3  
  50  6:46  Drone x2  
  50  6:47  Drone  
  55  6:53  Extractor  
  54  6:55  Hydralisk  
  54  6:56  Extractor  
  54  6:58  Hydralisk x2  
  54  7:01  Hydralisk x2  
  63  7:17  Muscular Augments  
  63  7:32  Hydralisk x2  
  67  7:48  Drone x2  
  67  7:49  Drone  
  70  7:53  Drone x3  
  73  8:02  Zerg Ground Armor Level 1  
  73  8:20  Drone x3  
  73  8:25  Zergling x6  
  79  8:33  Zergling x6  
  79  8:34  Zergling x6  
  84  8:41  Zergling x6  
  88  8:57  Spine Crawler  
  88  8:59  Queen  
  89  9:35  Queen  
  91  9:42  Infestation Pit  
  90  9:49  Hydralisk  
  92  9:56  Zerg Missile Weapons Level 1  
  92  10:13  Overlord x2  
  92  10:14  Overlord  
  92  10:19  Overlord x3  
  92  10:22  Overlord x3  
  92  10:31  Queen  
  94  10:37  Hydralisk x3  
  87  11:32  Hydralisk x3  
  91  11:35  Hydralisk  
  91  11:36  Hydralisk x2  
  91  11:38  Hydralisk  
  91  11:39  Hydralisk x2  
  105  11:42  Hydralisk x3  
  105  11:43  Hydralisk x2  
  105  11:44  Hydralisk  
  117  11:47  Hydralisk x3  
  117  11:49  Zerg Melee Weapons Level 2  
  123  12:11  Spore Crawler  
  122  12:17  Overseer  
  122  12:20  Burrow  
  122  12:26  Hive  
  120  13:01  Hydralisk x3  
  120  13:02  Hydralisk x3  
  132  13:32  Spine Crawler  
  131  13:42  Spine Crawler  
  131  13:43  Hydralisk x3  
  136  14:05  Zerg Ground Armor Level 2  
  136  14:10  Ultralisk Cavern  
  135  15:13  Grooved Spines  
  135  15:40  Overlord x3  
  135  15:54  Ultralisk x3  
  153  15:58  Ultralisk x2  
  153  15:59  Ultralisk  
  171  16:21  Zerg Missile Weapons Level 2  
  165  17:24  Chitinous Plating, Lurker Den  
  164  17:37  Ultralisk x2  
  164  17:38  Ultralisk  
  164  17:39  Ultralisk  
  174  18:37  Zerg Melee Weapons Level 3  
  174  18:44  Spire  
  174  18:47  Overlord x2  
  174  18:48  Overlord  
  173  18:54  Adaptive Talons  
  173  19:02  Lurker  
  174  19:05  Lurker x2  
  176  19:46  Hatchery  
  175  20:31  Swarm Host x3  
  184  20:45  Drone x2  
  184  20:46  Drone  
  187  21:10  Spore Crawler  
  186  21:14  Zerg Ground Armor Level 3  
  186  21:15  Spore Crawler x2  
  184  21:19  Spore Crawler  
  184  21:22  Zerg Flyer Weapons Level 1  
  183  21:39  Drone  
  184  21:44  Drone x2  
  186  23:02  Extractor  
  186  23:04  Extractor  
  184  23:18  Overlord x3  
  184  23:24  Zerg Flyer Armor Level 1  
  184  23:39  Viper x2  
  184  23:40  Viper  
  193  23:51  Zerg Missile Weapons Level 3  
  193  23:56  Viper x2  
  76  28:24  Ultralisk x3  
  76  28:25  Ultralisk x2  
  76  28:26  Ultralisk  
  100  28:30  Mutalisk x3  
  100  28:34  Mutalisk x3  
  76  29:22  Mutalisk x3  
  76  29:23  Mutalisk x3  
  84  29:27  Mutalisk  
  90  29:35  Drone x3  
  69  30:56  Zerg Flyer Weapons Level 2  
  65  31:50  Zergling x6  
  65  31:52  Zergling x6  
  59  31:58  Zergling x6  
  56  32:06  Zergling x6  
  59  32:13  Zergling x6  
  58  32:36  Zergling x4  
  58  32:37  Zergling x2  
  61  32:38  Zergling x4  
  61  32:39  Zergling x2  
  61  32:43  Zergling x2  
  61  32:44  Zergling x4  
  67  32:48  Zergling x6  
  70  33:03  Zergling x2  
  70  33:04  Zergling x2  
  70  33:05  Zergling x4  
  74  33:08  Zergling x4  
  74  33:11  Zergling x6  
  74  33:12  Zergling x2, Zerg Flyer Armor Level 2  
  80  33:13  Zergling x2  
Tags
 
Add a new tag
Caveats
  • Supply blocks, unpowered buildings, or Contaminate may cause inaccurate times.
  • Supply counts are checked every 10 seconds.